 Dungeon Crawl Stone Soup version 0.28-a0-664-gc179e30c89 (webtiles) character file.

Game seed: 14634926077645517416

143 ytrimaz the Ducker (level 5, -2/36 HPs)
             Began as an Octopode Fighter on Oct 16, 2021.
             Slain by an orc priest (7 damage)
             ... on level 3 of the Dungeon.
             The game lasted 00:02:46 (2133 turns).

ytrimaz the Ducker (Octopode Fighter)               Turns: 2133, Time: 00:02:46

Health: -2/36      AC:  1    Str: 16    XL:     5   Next: 25%
Magic:  5/5        EV: 14    Int: 10    God:
Gold:   73         SH:  5    Dex: 12    Spells: 4/4 levels left

rFire   . . .      SeeInvis .   d - +2 dagger (venom)
rCold   . . .      Faith    .   b - +0 buckler
rNeg    . . .      Spirit   .   (helmet restricted)
rPois   .          Reflect  .   (no amulet)
rElec   .          Harm     .   (no ring)
rCorr   .          Rampage  .   (no ring)
Will    .....                   (no ring)
Stlth   ++........              (no ring)
HPRegen 0.12/turn               (no ring)
MPRegen 0.09/turn               (no ring)
                                (no ring)
                                (no ring)

@: no status effects
A: almost no armour, amphibious, 8 rings, camouflage 1, gelatinous body 1,
(nimble swimmer 1), tentacles
a: no special abilities


You were on level 3 of the Dungeon.
You visited 1 branch of the dungeon, and saw 3 of its levels.

You collected 73 gold pieces.

Inventory:

Hand Weapons
 a - a +0 long sword
 d - a +2 dagger of venom (weapon)
Armour
 b - a +0 buckler (worn)
Scrolls
 f - a scroll of teleportation
 j - 2 scrolls of identify
Potions
 c - 2 potions of might
 e - 3 potions of heal wounds
 h - a potion of resistance {unknown}
 i - a potion of cancellation {unknown}
 k - a potion of flight {unknown}


   Skills:
 - Level 3.0 Fighting
 - Level 2.0 Long Blades
 * Level 5.1 Dodging
 - Level 4.0 Shields


You had 4 spell levels left.
You didn't know any spells.
Your spell library was empty.

Dungeon Overview and Level Annotations

Branches:
Dungeon (3/15)

Altars:
Qazlal


Innate Abilities, Weirdness & Mutations

You cannot wear most types of armour.
You are amphibious.
You can wear up to eight rings at the same time.
Your skin changes colour to match your surroundings (Stealth+).
Your rubbery body absorbs attacks. (AC +1, EV +1)
((You are camouflaged near water. (Stealth+)))
You have tentacles for arms and can constrict up to eight enemies at once.


Message History

The orc shouts!
You hit the ball python.
You kill the ball python!
You hear a shout!
An orc priest comes into view. It is wielding a +0 hand axe.
You see here a ball python corpse.
You block the orc priest's attack.
You closely miss the orc priest. You grab the orc priest.
You constrict the orc priest, but do no damage.
A quokka comes into view.
You block the orc priest's attack.
You hit the orc priest.
The orc priest is poisoned.
The orc priest is lightly wounded.
You constrict the orc priest.
An orc wizard comes into view. It is wielding a +0 dagger.
The orc priest escapes!
The orc wizard shouts!
You hit the orc priest.
The orc priest looks as sick as possible!
Your grab misses the orc priest. Your squeeze misses the orc priest.
The orc priest is heavily wounded.
The orc wizard gestures wildly while chanting.
The orc wizard flickers and vanishes!
Deactivating autopickup; reactivate with Ctrl-A.
Unknown command.
You see here a ball python corpse.
The orc priest invokes the aid of Beogh against you.
Beogh smites you!
The orc priest invokes the aid of Beogh against you.
Pain shoots through your body!
* * * LOW HITPOINT WARNING * * *
You see here a ball python corpse.
You hit the orc priest.
You kill the orc priest!
Your Dodging skill increases to level 5!
You have reached level 5!
You feel stronger.
It was a potion of magic.
Magic courses through your body.
The orc priest hits you with a +0 hand axe!
You die...

{# #.# .r. ##
#$# #.. .. #o#
#.# #.#. #.#
#.#
#....####.#
#.# #.....@oo#
#.#
#....####.####
#.# #.#.
#....# #.# #.
# ####.#
###.###. #.#
#.......
#.####.###.#.
#......# #.##
######.###.#
#.....#


You could see an orc priest and an orc.

Vanquished Creatures
  An orc priest (D:3)
  A jelly (D:2)
  2 adders
  2 dart slugs (D:1)
  6 ball pythons
  5 endoplasms
  3 giant cockroaches
  5 goblins
  2 hobgoblins
  9 jackals (D:1)
  3 kobolds
  4 quokkas
  8 bats
  A frilled lizard (D:1)
  4 rats (D:1)
56 creatures vanquished.

Notes
Turn   | Place    | Note
-------+----------+-------------------------------------------
     0 | D:1      | ytrimaz the Octopode Fighter began the quest for the Orb.
     0 | D:1      | Reached XP level 1. HP: 16/16 MP: 1/1
    89 | D:1      | Reached XP level 2. HP: 20/21 MP: 2/2
   317 | D:1      | Reached XP level 3. HP: 17/26 MP: 3/3
   681 | D:1      | Reached skill level 4 in Dodging
  1289 | D:2      | Reached XP level 4. HP: 29/31 MP: 4/4
  2070 | D:3      | Found a stormy altar of Qazlal.
  2133 | D:3      | Reached skill level 5 in Dodging
  2133 | D:3      | Reached XP level 5. HP: 5/36 MP: 5/5
  2133 | D:3      | Slain by an orc priest

Illustrated notes

Levels and vault maps discovered:
D:1:      eino_arrival_druids_welcome, layout_rooms
D:2:      layout_basic
D:3:      layout_loops_ring, grunt_temple_overflow_octagram,
          nicolae_qazlal_general_emergency

Skill      XL: |  1  2  3  4 |
---------------+-------------+-----
Dodging        | 4 5 |  5.1
Shields        | 4 |  4.0
Fighting       | |  3.0
Long Blades    | |  2.0

Action                   |  1- 3 |  4- 6 || total
-------------------------+-------+-------++-------
Melee: Long sword        |    12 |       ||    12
       Constrict         |    24 |     6 ||    30
       Tentacles         |    16 |     3 ||    19
       Dagger            |    60 |    24 ||    84
  Use: Scroll            |     4 |     1 ||     5
       Potion            |       |     1 ||     1
 Stab: Sleeping          |     7 |     1 ||     8
Armor: Skin              |    11 |     3 ||    14
Dodge: Dodged            |    58 |    12 ||    70
Block: Buckler           |    14 |     3 ||    17

Table legend: (Time is in decaauts)
 A = Elapsed time spent in this place.
 B = Non-inter-level travel time spent in this place.
 C = Inter-level travel time spent in this place.
 D = Time resting spent in this place.
 E = Time spent auto-exploring this place.
 F = Levels seen in this place.
 G = Mean time per level.
                   A        B        C        D        E       F      G
               +--------+--------+--------+--------+--------+-----+--------+
         Total |   2131 |   2082 |     49 |    336 |   1327 |   3 |  710.3 |
       Dungeon |   2131 |   2082 |     49 |    336 |   1327 |   3 |  710.3 |
               +--------+--------+--------+--------+--------+-----+--------+

Top non-repeatable levels by time:
     D:1: 972 daAuts
     D:2: 953 daAuts
     D:3: 205 daAuts
